 Dungeon Crawl Stone Soup version 0.21.1-1-g345015f (webtiles) character file.

21774 kae the Cleaver (level 12, -3/107 HPs)
             Began as a Hill Orc Fighter on June 15, 2018.
             Was a Priest of Beogh.
             Slain by a titanic slime creature (51 damage)
             ... on level 12 of the Dungeon.
             The game lasted 00:18:22 (16678 turns).

kae the Cleaver (Hill Orc Fighter)                 Turns: 16678, Time: 00:18:23

Health: -3/107     AC: 20    Str: 28    XL:     12   Next: 93%
Magic:  20/20      EV:  7    Int:  8    God:    Beogh [***...]
Gold:   708        SH:  9    Dex:  7    Spells: 11/11 levels left

rFire    . . .     SeeInvis .   v - +1 war axe (venom)
rCold    . . .     Gourm    +   c - +0 shield
rNeg     . . .     Faith    .   p - +0 plate armour
rPois    .         Spirit   .   F - +0 helmet
rElec    +         Reflect  .   (no cloak)
rCorr    .         Harm     .   r - +0 pair of gloves
MR       +....                  w - +2 pair of boots
Stlth    ..........             b - amulet of the gourmand
HPRegen  0.27/turn              i - ring of protection from magic
MPRegen  0.17/turn              K - ring of Uduttuga {Wiz rElec Str+4 Dex-3}

@: drained
A: no striking features
a: Smiting, Renounce Religion


You were on level 12 of the Dungeon.
You worshipped Beogh.
Beogh was most pleased with you.
You were not hungry.

You visited 1 branch of the dungeon, and saw 12 of its levels.

You collected 708 gold pieces.

Inventory:

Hand Weapons
 a - a +0 war axe
 v - a +1 war axe of venom (weapon)
Armour
 c - a +0 shield (worn)
 p - a +0 plate armour (worn)
 r - a +0 pair of gloves (worn)
 w - a +2 pair of boots (worn)
 F - a +0 helmet (worn)
Jewellery
 b - an amulet of the gourmand (around neck)
 i - a ring of protection from magic (left hand)
 o - an uncursed ring of magical power
 C - a +3 ring of evasion {unknown}
 J - an uncursed ring of see invisible
 K - the ring of Uduttuga (right hand) {Wiz rElec Str+4 Dex-3}
   (You found it on level 10 of the Dungeon)

   [ring of wizardry]

   It improves your spell success rate.
   It affects your strength (+4).
   It affects your dexterity (-3).
   It insulates you from electricity.
Wands
 h - a wand of clouds (7)
 t - a wand of polymorph (9)
 y - a wand of flame (53)
 D - a wand of random effects (33)
 E - a wand of iceblast (12)
 H - a wand of digging (20)
Scrolls
 g - 6 scrolls of teleportation
 l - 4 scrolls of amnesia
 m - 3 scrolls of blinking
 n - 10 scrolls of remove curse
 A - a scroll of enchant weapon
 O - a scroll of identify
Potions
 d - a potion of flight
 e - a potion of might
 j - 4 potions of curing
 k - a potion of magic
 s - 2 potions of haste
 u - 2 potions of brilliance
 x - a potion of heal wounds
 z - a potion of cancellation
 G - a potion of invisibility {unknown}
 I - 2 potions of agility
 L - a potion of mutation {unknown}
 M - a potion of ambrosia {unknown}
Books
 q - a book of Conjurations

   Spells                             Type                      Level
   a - Magic Dart                     Conjuration                  1
   b - Searing Ray                    Conjuration                  2
   c - Dazzling Spray                 Conjuration/Hexes            3
   d - Fulminant Prism                Conjuration/Hexes            4
   e - Force Lance                    Conjuration/Translocation    4
   f - Iskenderun's Mystic Blast      Conjuration                  4
 B - a book of Misfortune

   Spells                             Type                      Level
   a - Confusing Touch                Hexes                        1
   b - Confuse                        Hexes                        3
   c - Gell's Gravitas                Translocation                3
   d - Petrify                        Transmutation/Earth          4
   e - Metabolic Englaciation         Hexes/Ice                    5
   f - Yara's Violent Unravelling     Hexes/Transmutation          5
 N - a book of Maledictions

   Spells                             Type                      Level
   a - Corona                         Hexes                        1
   b - Ensorcelled Hibernation        Hexes/Ice                    2
   c - Confuse                        Hexes                        3
   d - Tukima's Dance                 Hexes                        3
   e - Dazzling Spray                 Conjuration/Hexes            3
Comestibles
 f - 16 rations


   Skills:
 + Level 10.5(10.3) Fighting
 * Level 14.7(14.5) Axes
 + Level 9.6(9.5) Armour
 + Level 6.8(6.7) Dodging
 - Level 3.2(3.1) Shields
 * Level 11.3(11.2) Invocations
 + Level 6.0(5.9) Evocations


You had 11 spell levels left.
You didn't know any spells.

Dungeon Overview and Level Annotations

Branches:
Dungeon (12/15)            Temple (0/1) D:5            Lair (0/6) D:11
    Orc (0/2) D:11

Altars:
Ashenzari
Elyvilon
Fedhas
Gozag
Okawaru
Ru
Xom
Yredelemnul
Zin
Beogh

Annotations:
D:8 exclusion: 2 doors
D:12 n0claF's ghost, journeyman DDFi


Message History

* * * LOW HITPOINT WARNING * * *
You are too injured to fight recklessly!
You are too injured to fight recklessly!
You are too injured to fight recklessly!
You are too injured to fight recklessly!
You are too injured to fight recklessly!
You see here a giant club.
There is a stone staircase leading up here.
The titanic slime creature jiggles.
Things that are here:
a trident; a ring mail The titanic slime creature looks more healthy.
You see here a giant club.
There is a stone staircase leading up here.
Things that are here:
a trident; a ring mail
Press: ? - help, v - describe, . - travel The floor.
The titanic slime creature hits you!!!
You die...

## #.......######.......#.##..#
##....................#.##..#
####.....................#..#..#
...................########.#..##
.................).......#.....#.
..................######)##..#.#.
............(.....# #....##......
.....#####......J.# #.....).#..#.
.....# #......@.# #.....)......
.....# #........###.......#....
.....# ####...####..<.....'.>..
.....# #...# #....)...#.###
....## #...# #........#.###
#.####### #...####<...#...#.##.
..z.J...#####...#)..(##.#...#.##.
#.#####.#........)....#.#...#.##.
.....##.........#.##..(..[....##.


You could see a titanic slime creature.

Vanquished Creatures
  2 hydras
  Erica (D:9)
  5 two-headed ogres
  4 skeletal warriors (D:11)
  An unseen horror (D:10)
  Pikel (D:7)
  An ugly thing (D:10)
  A deep elf mage (D:10)
  2 cyclopes
  An apocalypse crab (D:10)
  2 gargoyles (D:10)
  3 komodo dragons
  A troll (D:10)
  A queen bee (D:8)
  4 slime creatures (D:12)
  4 hippogriffs
  Sigmund (D:3)
  A yak (D:10)
  2 vampires
  2 hungry ghosts
  Edmund (D:6)
  A soldier ant (D:11)
  6 orc warriors
  2 black bears
  8 ice beasts
  A phantom (D:4)
  2 eyes of draining
  A necrophage (D:6)
  3 sky beasts
  6 ogres
  A centaur (D:9)
  A crocodile (D:12)
  4 big kobolds
  8 bullfrogs
  A wyvern zombie (D:12)
  4 scorpions
  27 killer bees
  7 wights
  2 howler monkeys
  7 crimson imps
  A bullfrog zombie (D:6)
  A centaur zombie (D:11)
  3 hounds
  A gnoll shaman (D:7)
  3 jellies
  15 orc priests
  9 orc wizards
  Jessica (D:3)
  4 iguanas
  7 worker ants
  A bullfrog simulacrum (D:8)
  2 hound zombies
  2 worker ant zombies
  9 gnolls
  23 adders
  A howler monkey skeleton (D:8)
  5 shadow imps
  An adder skeleton (D:7)
  4 worms
  5 dart slugs
  4 leopard geckos
  32 orcs
  8 giant cockroaches
  9 goblins
  8 hobgoblins
  14 jackals
  10 quokkas
  4 ball pythons
  9 bats
  7 frilled lizards
  20 kobolds
  7 rats
  A butterfly (D:5)
  16 fungi (D:3)
  A plant (D:11)
381 creatures vanquished.

Vanquished Creatures (others)
  A slave (D:7)
  A wight (D:7)
  A bullfrog zombie (D:7)
  A jelly (D:10)
  26 plants (D:11)
30 creatures vanquished.

Grand Total: 411 creatures vanquished

Notes
Turn   | Place    | Note
-------+----------+-------------------------------------------
     0 | D:1      | kae the Hill Orc Fighter began the quest for the Orb.
     0 | D:1      | Reached XP level 1. HP: 19/19 MP: 1/1
    91 | D:1      | Reached skill level 3 in Axes
    97 | D:1      | Reached XP level 2. HP: 3/27 MP: 2/2
   565 | D:1      | Reached XP level 3. HP: 32/33 MP: 3/3
   831 | D:2      | Reached skill level 4 in Axes
   965 | D:2      | Reached skill level 1 in Dodging
   965 | D:2      | Reached XP level 4. HP: 38/40 MP: 4/4
  1554 | D:2      | Reached XP level 5. HP: 47/47 MP: 5/5
  1681 | D:3      | Noticed Jessica
  1687 | D:3      | Killed Jessica
  1691 | D:3      | Reached skill level 5 in Axes
  1809 | D:3      | Noticed Sigmund
  2343 | D:3      | Reached XP level 6. HP: 46/55 MP: 6/6
  2454 | D:3      | Killed Sigmund
  2454 | D:3      | Reached skill level 5 in Fighting
  2454 | D:3      | Reached skill level 6 in Axes
  2630 | D:3      | Found a white marble altar of Elyvilon.
  2630 | D:3      | Found a shattered altar of Ashenzari.
  2641 | D:3      | Found an iron altar of Okawaru.
  2643 | D:3      | Found a basalt altar of Yredelemnul.
  2645 | D:3      | Found a faded altar of an unknown god.
  2952 | D:4      | Noticed a phantom
  2977 | D:4      | Reached XP level 7. HP: 35/61 MP: 7/7
  3217 | D:4      | Reached skill level 5 in Armour
  3428 | D:4      | Reached skill level 7 in Axes
  3815 | D:5      | Entered Level 5 of the Dungeon
  3842 | D:5      | Reached XP level 8. HP: 51/70 MP: 8/8
  4193 | D:5      | Reached skill level 8 in Axes
  4209 | D:5      | You fall through a shaft for 3 floors!
  4217 | D:8      | Found a white marble altar of Elyvilon.
  4217 | D:8      | Found a blossoming altar of Fedhas.
  4238 | D:7      | Found a sacrificial altar of Ru.
  4326 | D:7      | Noticed Pikel
  4518 | D:7      | Killed Pikel
  4518 | D:7      | Reached skill level 9 in Axes
  4518 | D:7      | Reached XP level 9. HP: 70/79 MP: 9/9
  4602 | D:7      | Found an opulent altar of Gozag.
  4934 | D:7      | Reached skill level 10 in Axes
  5389 | D:6      | Found a shimmering altar of Xom.
  5422 | D:6      | Became a worshipper of Beogh the Brigand
  5615 | D:6      | Reached skill level 1 in Invocations
  5823 | D:6      | Reached skill level 1 in Evocations
  5913 | D:6      | Reached * piety under Beogh
  6030 | D:6      | Noticed Edmund
  6040 | D:6      | Killed Edmund
  6196 | D:6      | Found a glowing silver altar of Zin.
  6493 | D:5      | Found a staircase to the Ecumenical Temple.
  6498 | D:5      | Reached skill level 11 in Axes
  6978 | D:8      | Reached XP level 10. HP: 87/88 MP: 12/12
  7066 | D:8      | Noticed a cyclops
  7074 | D:8      | Killed a cyclops
  7075 | D:8      | Noticed an ice dragon
  7566 | D:8      | Reached skill level 5 in Invocations
  7600 | D:8      | Reached skill level 5 in Dodging
  7983 | D:8      | Reached ** piety under Beogh
  9000 | D:9      | Noticed Erica
  9014 | D:9      | Killed Erica
  9014 | D:9      | Reached skill level 12 in Axes
  9233 | D:9      | Noticed a two-headed ogre
  9578 | D:9      | Reached XP level 11. HP: 91/95 MP: 16/16
  9594 | D:9      | Noticed a two-headed ogre
  9600 | D:9      | Killed a two-headed ogre
 10115 | D:10     | Entered Level 10 of the Dungeon
 10405 | D:10     | Killed an unseen horror
 10725 | D:10     | Noticed a deep elf mage
 10736 | D:10     | Killed a deep elf mage
 10736 | D:10     | Reached skill level 13 in Axes
 10813 | D:10     | Noticed a cyan ugly thing
 10823 | D:10     | Killed a cyan ugly thing
 10862 | D:10     | Noticed a six-headed hydra
 10932 | D:10     | Reached *** piety under Beogh
 11303 | D:10     | Killed a six-headed hydra
 11353 | D:10     | Got a pitted turquoise ring
 11619 | D:10     | Identified the ring of Uduttuga {Wiz rElec Str+4 Dex-3} (You found it on level 10 of the Dungeon)
 11993 | D:11     | Noticed a two-headed ogre
 12238 | D:11     | Killed a two-headed ogre
 12238 | D:11     | Reached XP level 12. HP: 85/106 MP: 19/19
 12269 | D:11     | Reached skill level 5 in Evocations
 12283 | D:11     | Noticed a two-headed ogre
 12289 | D:11     | Killed a two-headed ogre
 12826 | D:11     | Noticed an eight-headed hydra
 12829 | D:11     | Killed an eight-headed hydra
 12829 | D:11     | Reached skill level 10 in Invocations
 13206 | D:11     | Reached skill level 10 in Fighting
 13265 | D:11     | Reached skill level 14 in Axes
 13944 | D:11     | Found a staircase to the Lair.
 14297 | D:11     | Killed a two-headed ogre
 14317 | D:11     | Noticed a two-headed ogre
 14326 | D:11     | Killed a two-headed ogre
 14685 | D:11     | Found a staircase to the Orcish Mines.
 14721 | D:11     | Found a roughly hewn altar of Beogh.
 15077 | D:12     | Noticed n0claF's ghost (journeyman DDFi)
 16678 | D:12     | Slain by a titanic slime creature

Skill      XL: |  1  2  3  4  5  6  7  8  9 10 11 12 |
---------------+-------------------------------------+-----
Axes           | 3 4 5 6 7 9 11 12 13 14 | 14.7
Fighting       | 4 5 7 8 9 10 | 10.5
Dodging        | 1 2 3 4 5 6 |  6.8
Armour         | 4 5 6 7 8 9 |  9.6
Invocations    | 3 7 9 11 | 11.3
Evocations     | 1 3 4 6 |  6.0
Shields        | |  3.2

Action                   |  1- 3 |  4- 6 |  7- 9 | 10-12 || total
-------------------------+-------+-------+-------+-------++-------
Melee: War axe           |    80 |   316 |   370 |   792 ||  1558
Invok: Convert to Beogh  |       |       |     1 |       ||     1
       Smiting           |       |       |       |    21 ||    21
Evoke: Wand              |       |       |       |     7 ||     7
  Use: Potion            |     3 |       |       |     3 ||     6
       Scroll            |       |     7 |     1 |    12 ||    20
  Eat: Chunk             |       |     7 |    14 |    15 ||    36
       Ration            |       |       |       |     7 ||     7
Armor: Scale mail        |    47 |    84 |       |       ||   131
       Plate armour      |       |    50 |   217 |   408 ||   675
Dodge: Dodged            |    37 |    69 |    74 |   145 ||   325
Block: Shield            |    59 |   124 |   182 |   325 ||   690
